 Dungeon Crawl Stone Soup version 0.21.1-1-g345015fe64 (webtiles) character file.

119 Oravi the Shield-Bearer (level 5, 0/36 HPs)
             Began as a Halfling Fighter on Mar 28, 2018.
             Slain by an adder (3 damage)
             ... on level 3 of the Dungeon.
             The game lasted 00:10:13 (1872 turns).

Oravi the Shield-Bearer (Halfling Fighter)          Turns: 1872, Time: 00:10:13

Health: 0/36       AC:  7    Str: 18    XL:     5   Next: 24%
Magic:  5/5        EV: 10    Int:  6    God:
Gold:   122        SH: 11    Dex: 14    Spells: 4/4 levels left

rFire    . . .     SeeInvis .   e - -2 dagger (curse)
rCold    . . .     Gourm    .   c - +1 shield
rNeg     . . .     Faith    .   b - +0 scale mail
rPois    .         Spirit   .   (no helmet)
rElec    .         Reflect  .   (no cloak)
rCorr    .         Harm     .   (no gloves)
MR       +....                  (no boots)
Stlth    ..........             (no amulet)
HPRegen  0.12/turn              m - +1 ring of evasion
MPRegen  0.09/turn              p - ring of protection from magic

@: lethally poisoned (0 -> -4)
A: small, mutation resistance 1
a: no special abilities


You were on level 3 of the Dungeon.
You were hungry.

You visited 1 branch of the dungeon, and saw 3 of its levels.

You collected 122 gold pieces.

Inventory:

Hand Weapons
 a - a +0 rapier
 e - a cursed -2 dagger (weapon)
 q - a +0 hunting sling
Missiles
 h - 94 stones (quivered)
Armour
 b - a +0 scale mail (worn)
 c - a +1 shield (worn)
Jewellery
 m - a +1 ring of evasion (left hand)
 p - a ring of protection from magic (right hand)
Scrolls
 j - a scroll of fog
 l - a scroll of teleportation
Potions
 d - a potion of brilliance {unknown}
 n - 2 potions of agility {unknown}
 o - a potion of haste {unknown}
 s - a potion of degeneration {unknown}
 u - a potion of flight {unknown}
Comestibles
 f - 6 rations


   Skills:
 + Level 3.2 Fighting
 + Level 3.4 Short Blades
 + Level 4.1 Armour
 + Level 1.2 Dodging
 + Level 4.2 Shields


You had 4 spell levels left.
You didn't know any spells.

Dungeon Overview and Level Annotations

Branches:
Dungeon (3/15)

Altars:


Innate Abilities, Weirdness & Mutations

You are small and have problems with some larger weapons.
You are somewhat resistant to further mutation.


Message History

You closely miss the adder.
The adder is severely wounded.
You feel sick. The adder barely misses you. You block the adder's attack.
The goblin hits you but does no damage. You block the adder's attack.
You hit the adder.
You kill the adder!
The adder bites you but does no damage. The goblin completely misses you.
You hit the adder but do no damage. The adder bites you.
* * * LOW HITPOINT WARNING * * *
The adder closely misses you. The goblin hits you with a dagger.
* * * LOW HITPOINT WARNING * * *
The adder bites you but does no damage. You block the adder's attack.
You barely miss the adder.
You are feeling hungry.
* * * LOW HITPOINT WARNING * * *
You feel sick. You block the adder's attack. The adder barely misses you.
You block the goblin's attack.
Your shield prevents you from hitting the adder.
The adder bites you but does no damage. The adder bites you.
You die...

### ..#.. . ##
#.#.# ..
#.###.#.# ... #
#...#.#.# ....
#.#.....#.# .....
.......#.###....#
#.....>g@SS...+
#....).S##....#
#....##.## ...#
#...<....# ..#
#....#...# .#
#......#.# ..
##+##....# .
#+####


You could see 3 adders and a goblin.

Vanquished Creatures
  6 adders
  3 worms (D:2)
  A leopard gecko (D:1)
  A ball python (D:1)
  11 bats
  3 giant cockroaches (D:2)
  10 goblins
  3 hobgoblins
  2 jackals (D:2)
  A quokka (D:2)
  8 kobolds
  4 rats
53 creatures vanquished.

Notes
Turn   | Place    | Note
-------+----------+-------------------------------------------
     0 | D:1      | Oravi the Halfling Fighter began the quest for the Orb.
     0 | D:1      | Reached XP level 1. HP: 15/15 MP: 1/1
    89 | D:1      | Reached XP level 2. HP: 12/20 MP: 2/2
   464 | D:1      | Reached XP level 3. HP: 26/26 MP: 3/3
   834 | D:2      | Reached XP level 4. HP: 14/31 MP: 4/4
  1106 | D:2      | Reached skill level 1 in Dodging
  1366 | D:2      | Reached XP level 5. HP: 22/36 MP: 5/5
  1872 | D:3      | Slain by an adder

Skill      XL: |  1  2  3  4 |
---------------+-------------+-----
Fighting       | 3 |  3.2
Short Blades   | 3 |  3.4
Shields        | 4 |  4.2
Dodging        | 1 |  1.2
Armour         | 4 |  4.1

Action                   |  1- 3 |  4- 6 || total
-------------------------+-------+-------++-------
Melee: Dagger            |   129 |    72 ||   201
       Rapier            |     5 |    68 ||    73
  Use: Potion            |       |     3 ||     3
       Scroll            |       |     4 ||     4
  Eat: Chunk             |       |     3 ||     3
Armor: Scale mail        |    59 |    49 ||   108
Dodge: Dodged            |    76 |    61 ||   137
Block: Shield            |    58 |    84 ||   142
